Unix xNetHack Version 7.1.0 - last build Jun 10 2022 16:52:22 (33bbff3b7d1ce07880d5c4b1c5efc7e91935e5b9). Game began 2022-07-02 11:55:50, ended 2022-07-02 12:37:14. elenmirie, neutral female human Tourist ------- --------- #......| |........######|.....| #...%....| #|.....| -------------- #|.......| #|.....-# #.............| #-+-.-|--- #|.....|# |............| # ## # #-------# #.............| # ### # # |*...........| # ### #0######### ###.............| ------# ############ # # ## -------------- |....-# ################# #### ## |....| # # ################## # |*...| -|-------# # # --)-.- # ------ |.......|# ##.&...| ### |...^...|# |@...| # |~<.....|# |....| # |........# |....-####### --------- ------ Elenmirie the Excursionist St:12 Dx:9 Co:18 In:12 Wi:14 Ch:14 Neutral Dlvl:1 $:256 HP:0(49) Pw:28(28) AC:3 Xp:6/331 T:6455 Hungry Latest messages: The water demon shoots a wooden arrow! A wooden arrow misses you. The wooden arrow hits another object. The water demon claws you! Your leather light armor blocks the water demon's attack. What do you want to wield? [- KLS or ?*] ? What do you want to wield? [- KLS or ?*] * R - a blessed potion of paralysis (wielded) {20}. You begin bashing monsters with your potion of paralysis. You miss the water demon. The water demon swings his bow. The water demon hits! The water demon claws you! The water demon bites! You miss the water demon. You miss the water demon. The water demon swings his bow. The water demon just misses! The water demon claws you! The water demon bites! You miss the water demon. You miss the water demon. The water demon swings his bow. The water demon hits! The water demon claws you! The water demon just misses! You miss the water demon. You miss the water demon. The water demon swings his bow. The water demon hits! The water demon claws you! The water demon bites! What do you want to wield? [- KLS or ?*] ? S - an uncursed +2 scimitar (weapon in hand) {40}. The water demon swings his bow. The water demon hits! The water demon claws you! The water demon bites! Are you sure you want to pray? [yn] (n) y You begin praying to The Lady. The water demon swings his bow. The water demon hits! The water demon claws you! The water demon bites! You die... Do you want your possessions identified? [ynq] (y) y Do you want to see your attributes? [ynq] (y) y Do you want an account of creatures vanquished? [ynaq] (y) y Do you want to see your conduct and achievements? [ynq] (y) y Do you want to see the dungeon overview? [ynq] (y) y Major events: Turn 1: elenmirie the neutral female human Tourist entered the dungeon 3274: attained the rank of Sightseer (level 3) 4957: entered the Gnomish Mines 5956: attained the rank of Excursionist (level 6) 6455: killed by a water demon, while praying Inventory: Inventory: 542/800 weight (20/52 slots) Coins $ - 256 gold pieces {3} Weapons L - a blessed +1 stone orcish dagger {8} K - 2 uncursed +1 orcish daggers (at the ready) {20} S - an uncursed +2 scimitar (weapon in hand) {40} Armor I - a blessed +1 helmet (being worn) {23} N - an uncursed +0 pair of speed boots (being worn) {15} P - an uncursed +0 oilskin cloak (being worn) {8} h - an uncursed +0 Hawaiian shirt with a kraken motif (being worn) {4} H - a blessed +1 leather light armor (being worn) {113} Comestibles t - an uncursed local delicacy {5} c - 5 uncursed food rations {100} Potions R - a blessed potion of paralysis {20} Rings A - a cursed ring of hunger {3} Q - an uncursed ring of levitation {3} Wands x - an uncursed wand of magic missile (0:6) {7} D - an uncursed wand of teleportation (0:4) {7} Tools w - an uncursed bag of holding containing 10 items {105} y - an empty cursed bag of holding named c {15} v - an uncursed bell {30} k - an uncursed credit card {1} j - an uncursed expensive camera (0:88) {12} Contents of the bag of holding: 3 uncursed scrolls of magic mapping an uncursed scroll of scare monster an uncursed potion of gain energy an uncursed potion of hallucination a cursed potion of hallucination an uncursed potion of levitation an uncursed potion of oil an uncursed potion of see invisible an uncursed potion of sickness an uncursed potion of sleeping Elenmirie the Tourist's attributes: Background: You were an Excursionist, a level 6 female human Tourist. You were neutral, on a mission for The Lady who was opposed by Blind Io (lawful) and Offler (chaotic). You were heterosexual. You were in the Dungeons of Doom, on level 1. You entered the dungeon 6455 turns ago. You had 331 experience points, 309 more were needed to attain level 7. Basics: You had 0 out of 49 hit points. You had all 28 energy points (spell power). Your armor class was 3. Your wallet contained 256 zorkmids. Autopickup was on for '$' plus thrown. Final Characteristics: Your strength was 12 (limit:18/100). Your dexterity was 9 (limit:18). Your constitution was 18 (limit:18). Your intelligence was 12 (limit:18). Your wisdom was 14 (limit:18). Your charisma was 14 (limit:18). Final Status: You were hungry. You were unencumbered. You were wielding a scimitar. You had basic skill with scimitar. Final Attributes: You were piously aligned. You were telepathic. You were guarded. You were very fast. You are dead. Miscellaneous: You encountered 1 bones level. Total elapsed playing time was 41 minutes and 19 seconds. Vanquished creatures: a small mimic a leprechaun a bugbear a rock piercer a yellow light a shrieker 2 gnomish wizards 2 floating eyes a kobold shaman a centipede a giant bat an orc zombie 3 iguanas 2 acid blobs a gas spore a large kobold a hobgoblin 4 giant rats a brown mold 2 garter snakes a gnome zombie 4 geckos 12 jackals 4 goblins 4 grid bugs a bat 5 lichens 2 kobold zombies 2 newts 64 creatures vanquished. No species were genocided or became extinct. Voluntary challenges: You read items or engraved 10 times. You never genocided any monsters. You never polymorphed an object. You never changed form. You never touched an artifact. You used no wishes. You never owned a pet. You never scared an enemy with impunity. You were celibate. You never generated conflict. Achievements: You attained the rank of Sightseer. You entered a shop. You entered the Gnomish Mines. You attained the rank of Excursionist. The Dungeons of Doom: levels 1 to 6 Level 1: <- You were here. Final resting place for you, killed by a water demon, while praying. Level 2: A fountain. Level 3: A scroll shop. Stairs down to The Gnomish Mines. Level 4: A fountain, a grave. Level 5: An armor shop. Level 6: A fountain. The Gnomish Mines: Level 4: Final resting place for Raisse-Wiz-Gno-Fem-Neu, killed by a hobbit. Game over: __________ / \ / REST \ / IN \ / PEACE \ / \ | elenmirie | | 256 Au | | killed by a | | water demon | | | | | | 2022 | *| * * * | * _________)/\\_//(\/(/\)/\//\/|_)_______ Aloha elenmirie the Tourist... You died in The Dungeons of Doom on dungeon level 1 with 1614 points, and 256 pieces of gold, after 6455 moves. You were level 6 with a maximum of 49 hit points when you died.